Workbook
Name _____LO25: #REF!
Name _____LO25: #REF!
Name _____LO25: #REF!
Name ____LO25: #REF!
Name ____LO25: #REF!
Name ____LO25: #REF!
Name ___LO25: #REF!
Name ___LO25: #REF!
Name ___LO25: #REF!
Name __LO25: #REF!
Name __LO25: #REF!
Name __LO25: #REF!
Name __xlfn_IFERROR: #N/A
Name _LO25: #REF!
Name _LO25: #REF!
Name _LO25: #REF!
Name AbaDeprec: #REF!
Name AbaDeprec: #REF!
Name AbaDeprec: #REF!
Name AbaDeprec: #REF!
Name AbaDeprec: #REF!
Name AbaRemun: #REF!
Name AbaRemun: #REF!
Name AbaRemun: #REF!
Name AbaRemun: #REF!
Name AbaRemun: #REF!
Name Print_Titles_0: '1. Vigilante Noturno'!$1:$1
Name Print_Titles_0: '2. Vigilante Diurno'!$1:$1
Name Print_Titles_0: '3. Vigilante Diurno '!$1:$1
Name Print_Titles_0: '4. Vigilante Noturno '!$1:$1
Name Print_Titles_0_0: '1. Vigilante Noturno'!$1:$1
Name Print_Titles_0_0: '2. Vigilante Diurno'!$1:$1
Name Print_Titles_0_0: '3. Vigilante Diurno '!$1:$1
Name Print_Titles_0_0: '4. Vigilante Noturno '!$1:$1
Name sesi: #REF!
Name sesi: #REF!
Name sesi: #REF!
Name sesi: #REF!

Sheet Resumo 
A1: PREGÃO ELETRÔNICO /2025
A2: RESUMO
A3: Serviço de vigilante - São Marcos/RS
A4: Planilha de Composição de Custos
A6: Resumo
A7: Item | B7: Profissional | C7: Horas | D7: Postos de Trabalho | E7: Custo por Posto R$ | F7: Custo/hr | G7: Custo Mês R$ | H7: Valor ano R$
A8: 1 | B8: vigilante noturno Hrs mês | C8: ='1. Vigilante Noturno'!C47*180 -> 1800 | D8: ='1. Vigilante Noturno'!D114 -> 5 | E8: =G8/D8 -> 15360.972 | F8: ='1. Vigilante Noturno'!F118 -> 42.669367 | G8: ='1. Vigilante Noturno'!F112 -> 76804.86 | H8: =G8*12 -> 921658.32 | J8: 57365 | K8: =G8-J8 -> 19439.86
A9: 2 | B9: vigilante diurno Hrs mês | C9: ='2. Vigilante Diurno'!C47*180 -> 1800 | D9: ='2. Vigilante Diurno'!D113 -> 5 | E9: =G9/D9 -> 13935.013 | F9: ='2. Vigilante Diurno'!F117 -> 38.70837 | G9: ='2. Vigilante Diurno'!F111 -> 69675.066 | H9: =G9*12 -> 836100.8 | J9: 52037.68 | K9: =G9-J9 -> 17637.386
A10: 3 | B10: Hrs ano vigilante diurno (eventos) | C10: 5000 | F10: ='3. Vigilante Diurno '!F118 -> 42.933592 | G10: =H10/12 -> 17888.996 | H10: =C10*F10 -> 214667.96 | J10: 12293.55 | K10: =G10-J10 -> 5595.4465
A11: 4 | B11: Hrs ano vigilante noturno (eventos) | C11: 5000 | F11: ='4. Vigilante Noturno '!F119 -> 46.764363 | G11: =H11/12 -> 19485.151 | H11: =C11*F11 -> 233821.82 | J11: 13526.92 | K11: =G11-J11 -> 5958.2313
K12: =G12-J12 -> 0
A13: Total | G13: =SUM(G8:G12) -> 183854.07 | H13: =SUM(H8:H12) -> 2206248.9 | J13: =SUM(J8:J12) -> 135223.15 | K13: =G13-J13 -> 48630.925
A16: São Marcos, 25 de Junho de 2025

Sheet 1. Vigilante  Noturno
A1: PLANILHA DE CUSTOS - PREFEITURA MUNICIPAL DE SÃO MARCOS
A2: Item 1 - Contratação Serviços de Vigilante - Noturno
A4: Planilha de Composição de Custos
A6: Orçamento Sintético
A7: Descrição do Item | E7: Custo (R$/mês) | F7: %
A8: =A37 -> 1. Mão de obra | E8: =+F82 -> 61356.689 | F8: =IFERROR(E8/$E$18,0) -> 0.79886466
A9: =A38 -> 1.1. Categoria Profissional de Vigilantes (05 Postos de 12 horas noturnas 12/36) | E9: =F48 -> 55546.689 | F9: =IFERROR(E9/$E$18,0) -> 0.7232184
A10: =A50 -> 1.2. Encarregado/Supervisor | E10: =F57 -> 1449.2005 | F10: =IFERROR(E10/$E$18,0) -> 0.018868603
A11: =A59 -> 1.3. Auxílio Alimentação | E11: =F63 -> 4360.8 | F11: =IFERROR(E11/$E$18,0) -> 0.056777657
A12: =A65 -> 1.4. Vale Transporte | E12: =F70 -> 0 | F12: =IFERROR(E12/$E$18,0) -> 0
A13: =A72 -> 1.5. Plano de Benefício Social | E13: =F75 -> 0 | F13: =IFERROR(E13/$E$18,0) -> 0
A14: =A84 -> 2. Uniformes e Equipamentos de Proteção Individual | E14: =+F95 -> 528.75 | F14: =IFERROR(E14/$E$18,0) -> 0.0068843299
A15: =A85 -> 2.1. Uniformes e EPIs | E15: =F93 -> 528.75 | F15: =IFERROR(E15/$E$18,0) -> 0.0068843299
A16: =A97 -> 3. Veículo de apoio para deslocamento e materiais de consumo | E16: =F104 -> 740.83333 | F16: =IFERROR(E16/$E$18,0) -> 0.0096456569
A17: =A106 -> 4. Benefícios e Despesas Indiretas (BDI) | E17: =F110 -> 14178.588 | F17: =IFERROR(E17/$E$18,0) -> 0.18460535
A18: PREÇO TOTAL MENSAL | E18: =E8+E14+E17+E16 -> 76804.86 | F18: =F8+F14+F17+F16 -> 1
A21: Quantitativos
A22: Mão de obra | E22: Quantidade
A23: a) Categoria: Profissional de prestador de serviços de vigia CBO 5173
A24: Piso da categoria 220 horas mensais | E24: 2105.4
A25: Adicional noturno (das 22h às 05h) total de horas | E25: =9.14*15 -> 137.1
A26: Tempo trabalho por mês (Horas) | E26: 220
A27: =+A50 -> 1.2. Encarregado/Supervisor
A30: Total de mão de obra | E30: 10
A31: Memória de cálculo do adicional noturno por funcionário:
A32: > 15 dias/funcion/mês x 8hrs/dia (cada hora hora contada equivale somente a 52 minutos e 30 segundos) = 137,10 horas mês.
A33: Obs: como os funcionários trabalham 12/36 conta como horário noturno das 22 horas às 06 horas.
A35: Fator de utilização (FU) | B35: 1
A37: 1. Mão de obra
A38: 1.1. Categoria Profissional de Vigilantes (05 Postos de 12 horas noturnas 12/36)
A39: Discriminação | B39: Unidade | C39: Quantidade | D39: Custo unitário | E39: Subtotal | F39: Total (R$)
A40: Piso da categoria | B40: mês | C40: 1 | D40: =E24 -> 2105.4 | E40: =C40*D40 -> 2105.4
A41: Adicional de Periculosidade | B41: % | C41: 0.3 | D41: =E40 -> 2105.4 | E41: =D41*C41 -> 631.62
A42: Intervalo Intrajornada Cfe. Convenção (50% do valor) | B42: Hrs | C42: 15 | D42: 14.35 | E42: =C42*D42 -> 215.25
A43: Adicional noturno | B43: horas | C43: =E25*1 -> 137.1 | D43: =(E40/220*0.2)+0.57 -> 2.484 | E43: =C43*D43 -> 340.5564
A44: Soma | E44: =SUM(E40:E43) -> 3292.8264
A45: Encargos Sociais | B45: % | C45: ='5.Encargos Sociais'!$C$34*100 -> 68.69 | D45: =E44 -> 3292.8264 | E45: =D45*C45/100 -> 2261.8425
A46: Total por profissional | E46: =SUM(E44:E45) -> 5554.6689
A47: Total do Efetivo | B47: homem | C47: =E30 -> 10 | D47: =E46 -> 5554.6689 | E47: =C47*D47 -> 55546.689
D48: Fator de util. | E48: =$B$35 -> 1 | F48: =E47*E48 -> 55546.689
A50: 1.2. Encarregado/Supervisor
A51: Discriminação | B51: Unidade | C51: Quantidade | D51: Custo unitário | E51: Subtotal | F51: Total (R$)
A52: Piso da categoria | B52: mês | C52: 1 | D52: 2700 | E52: =C52*D52 -> 2700
A53: Soma | E53: =SUM(E52:E52) -> 2700
A54: Encargos Sociais | B54: % | C54: ='5.Encargos Sociais'!$C$34*100 -> 68.69 | D54: =E53 -> 2700 | E54: =D54*C54/100 -> 1854.63
A55: Total por profissional | E55: =E53+E54 -> 4554.63
A56: Total do Efetivo | B56: homem | C56: 1 | D56: =E55 -> 4554.63 | E56: =C56*D56 -> 4554.63
A57: Obs: considerado 14 hrs semanais | D57: Fator de util. | E57: =14/44 -> 0.31818182 | F57: =E56*E57 -> 1449.2005
A59: 1.3. Auxílio Alimentação
A60: Discriminação | B60: Unidade | C60: Quantidade | D60: Custo unitário | E60: Subtotal | F60: Total (R$)
A61: Vigilante | B61: unidade | C61: =((C47)*15) -> 150 | D61: =34.5*0.8 -> 27.6 | E61: =((D61*C61)) -> 4140
A62: Supervisor | B62: unidade | C62: 8 | D62: =34.5*0.8 -> 27.6 | E62: =((D62*C62)) -> 220.8
D63: Fator de util. | E63: 1 | F63: =SUM(E61:E62)*E63 -> 4360.8
A65: 1.4. Vale Transporte
A66: Discriminação | B66: Unidade | C66: Quantidade | D66: Custo unitário | E66: Subtotal | F66: Total (R$)
A67: Vale Transporte | B67: R$ | C67: 1 | D67: 3.5
A68: Média de dias Trabalhados por mês por porteiro | B68: dia | C68: 15
A69: Vigilante | B69: vale | C69: =C68*E30*2 -> 300 | D69: =D67-((E40*0.06)/30) -> -0.7108 | E69: =IFERROR(C69*D69,"-") -> -213.24
F70: =SUM(E69:E69)-E69 -> 0
A72: 1.5. Plano de Benefício Social
A73: Discriminação | B73: Unidade | C73: Quantidade | D73: Custo unitário | E73: Subtotal | F73: Total (R$)
A74: Plano de Benefício Social | B74: unidade | C74: 0 | D74: 24.1 | E74: =C74*D74 -> 0
D75: Fator de util. | E75: 1 | F75: =SUM(E74:E74)*E75 -> 0
A82: 1. Custo Mensal com mão de obra | F82: =F63+F57+F70+F75+F48 -> 61356.689
A84: 2. Uniformes e Equipamentos de Proteção Individual
A85: 2.1. Uniformes e EPIs
A86: Discriminação | B86: Unidade | C86: Durabilidade (meses) | D86: Custo unitário | E86: Subtotal | F86: Total (R$)
A87: Calça | B87: unidade | C87: 6 | D87: 100 | E87: =IFERROR(D87/C87,0) -> 16.666667
A88: Cinto operacional | B88: unidade | C88: 12 | D88: 29 | E88: =IFERROR(D88/C88,0) -> 2.4166667
A89: Jaqueta | B89: unidade | C89: 12 | D89: 170 | E89: =IFERROR(D89/C89,0) -> 14.166667
A90: Camisa | B90: unidade | C90: 8 | D90: 82 | E90: =IFERROR(D90/C90,0) -> 10.25
A91: Botina | B91: par | C91: 8 | D91: 75 | E91: =IFERROR(D91/C91,0) -> 9.375
A92: Quantidade de trabalhadores (concedido 02 uniformes p/colaborador) | C92: =C47 -> 10 | D92: =+SUM(E87:E91) -> 52.875 | E92: =C92*D92 -> 528.75
D93: Fator de util. | E93: =$B$35 -> 1 | F93: =E92*E93 -> 528.75
A95: 2. Custo Mensal com Uniformes e EPIs | F95: =+F93 -> 528.75
A97: 3. Veículo de apoio para deslocamento e materiais de consumo
A98: Discriminação | B98: Unidade | C98: Quantidade | D98: Custo unitário | E98: Subtotal | F98: Total (R$)
A99: Lanterna tática 12 volts com carregador | B99: Unid/anual | C99: 5 | D99: 165 | E99: =(D99*C99)/12 -> 68.75
A100: Tonfa em fibra | B100: Unid/anual | C100: 5 | D100: 44 | E100: =(D100*C100)/12 -> 18.333333
A101: Apitos de metal | B101: Unid/anual | C101: =E30*1 -> 10 | D101: 10 | E101: =(D101*C101)/12 -> 8.3333333
A102: livro de ocorrência | B102: Unid/anual | C102: =C99 -> 5 | D102: 37 | E102: =(D102*C102)/12 -> 15.416667
A103: Custo do veículo de apoio para Supervisor (10km dia) | B103: KM/mês | C103: =10*30 -> 300 | D103: 2.1 | E103: =D103*C103 -> 630
D104: Fator de util. | E104: 1 | F104: =SUM(E99:E103)*E104 -> 740.83333
A106: 4. Benefícios e Despesas Indiretas (BDI)
A107: Discriminação | B107: Unidade | C107: Quantidade | D107: Custo unitário | E107: Subtotal | F107: Total (R$)
A108: Benefícios e despesas indiretas | B108: % | C108: ='6.BDI'!C18 -> 0.2264 | D108: =F82+F95+F104 -> 62626.272 | E108: =D108*C108 -> 14178.588
A110: 4. Custo Mensal Com BDI | F110: =E108 -> 14178.588
A112: PREÇO MENSAL TOTAL | F112: =F82+F95+F110+F104 -> 76804.86
A114: PREÇO MENSAL POR POSTO DE TRABALHO | D114: =E30/2 -> 5 | E114: Postos | F114: =F112/D114 -> 15360.972
A116: PREÇO MENSAL POR FUNCIONÁRIO | F116: =F112/C92 -> 7680.486
A118: PREÇO MENSAL POR HORA | F118: =F116/180 -> 42.669367
A120: OBS: cada empresa deverá prever seus encargos/impostos conforme determina a legislação de sua atividade.

Sheet 2. Vigilante Diurno
A1: PLANILHA DE CUSTOS - PREFEITURA MUNICIPAL DE SÃO MARCOS
A2: Item 2 - Contratação Serviços de Vigilante - Diurno
A4: Planilha de Composição de Custos
A6: Orçamento Sintético
A7: Descrição do Item | E7: Custo (R$/mês) | F7: %
A8: =A37 -> 1. Mão de obra | E8: =+F82 -> 55611.843 | F8: =IFERROR(E8/$E$18,0) -> 0.79815989
A9: =A38 -> 1.1. Categoria Profissional de Vigilante (05 Postos de 12 horas diurnas 12/36) | E9: =F48 -> 49801.843 | F9: =IFERROR(E9/$E$18,0) -> 0.71477281
A10: =A50 -> 1.2. Encarregado/Supervisor | E10: =F57 -> 1449.2005 | F10: =IFERROR(E10/$E$18,0) -> 0.020799413
A11: =A59 -> 1.3. Auxílio Alimentação | E11: =F63 -> 4360.8 | F11: =IFERROR(E11/$E$18,0) -> 0.062587669
A12: =A65 -> 1.4. Vale Transporte | E12: =F70 -> 0 | F12: =IFERROR(E12/$E$18,0) -> 0
A13: =A72 -> 1.5. Plano de Benefício Social | E13: =F75 -> 0 | F13: =IFERROR(E13/$E$18,0) -> 0
A14: =A84 -> 2. Uniformes e Equipamentos de Proteção Individual | E14: =+F95 -> 528.75 | F14: =IFERROR(E14/$E$18,0) -> 0.0075887979
A15: =A85 -> 2.1. Uniformes e EPIs | E15: =F93 -> 528.75 | F15: =IFERROR(E15/$E$18,0) -> 0.0075887979
A16: =A97 -> 3. Veículo de apoio para deslocamento e materiais de consumo | E16: =F103 -> 672.08333 | F16: =IFERROR(E16/$E$18,0) -> 0.0096459662
A17: =A105 -> 4. Benefícios e Despesas Indiretas (BDI) | E17: =F109 -> 12862.39 | F17: =IFERROR(E17/$E$18,0) -> 0.18460535
A18: PREÇO TOTAL MENSAL | E18: =E8+E14+E17+E16 -> 69675.066 | F18: =F8+F14+F17+F16 -> 1
A21: Quantitativos
A22: Mão de obra | E22: Quantidade
A23: a) Categoria: Profissional de prestador de serviços de vigilante CBO 5173
A24: Piso da categoria 220 horas mensais | E24: 2105.4
A25: Adicional noturno (das 22h às 05h) total de horas | E25: 0
A26: Tempo trabalho por mês (Horas) | E26: 220
A27: =+A50 -> 1.2. Encarregado/Supervisor
A30: Total de mão de obra | E30: 10
A35: Fator de utilização (FU) | B35: 1
A37: 1. Mão de obra
A38: 1.1. Categoria Profissional de Vigilante (05 Postos de 12 horas diurnas 12/36)
A39: Discriminação | B39: Unidade | C39: Quantidade | D39: Custo unitário | E39: Subtotal | F39: Total (R$)
A40: Piso da categoria | B40: mês | C40: 1 | D40: =E24 -> 2105.4 | E40: =C40*D40 -> 2105.4
A41: Adicional de Periculosidade | B41: % | C41: 0.3 | D41: =E40 -> 2105.4 | E41: =D41*C41 -> 631.62
A42: Intervalo Intrajornada Cfe. Convenção (50% do valor) | B42: Hrs | C42: 15 | D42: 14.35 | E42: =C42*D42 -> 215.25
A43: Adicional noturno | B43: horas | C43: 0 | D43: =E40/220*0.2 -> 1.914 | E43: =C43*D43 -> 0
A44: Soma | E44: =SUM(E40:E43) -> 2952.27
A45: Encargos Sociais | B45: % | C45: ='5.Encargos Sociais'!$C$34*100 -> 68.69 | D45: =E44 -> 2952.27 | E45: =D45*C45/100 -> 2027.9143
A46: Total por profissional | E46: =SUM(E44:E45) -> 4980.1843
A47: Total do Efetivo | B47: homem | C47: =E30 -> 10 | D47: =E46 -> 4980.1843 | E47: =C47*D47 -> 49801.843
D48: Fator de util. | E48: =$B$35 -> 1 | F48: =E47*E48 -> 49801.843
A50: 1.2. Encarregado/Supervisor
A51: Discriminação | B51: Unidade | C51: Quantidade | D51: Custo unitário | E51: Subtotal | F51: Total (R$)
A52: Piso da categoria | B52: mês | C52: 1 | D52: 2700 | E52: =C52*D52 -> 2700
A53: Soma | E53: =SUM(E52:E52) -> 2700
A54: Encargos Sociais | B54: % | C54: ='5.Encargos Sociais'!$C$34*100 -> 68.69 | D54: =E53 -> 2700 | E54: =D54*C54/100 -> 1854.63
A55: Total por profissional | E55: =E53+E54 -> 4554.63
A56: Total do Efetivo | B56: homem | C56: 1 | D56: =E55 -> 4554.63 | E56: =C56*D56 -> 4554.63
A57: Obs: considerado 14hrs semanais | D57: Fator de util. | E57: =14/44 -> 0.31818182 | F57: =E56*E57 -> 1449.2005
A59: 1.3. Auxílio Alimentação
A60: Discriminação | B60: Unidade | C60: Quantidade | D60: Custo unitário | E60: Subtotal | F60: Total (R$)
A61: Vigilante | B61: unidade | C61: =((C47)*15) -> 150 | D61: =34.5*0.8 -> 27.6 | E61: =((D61*C61)) -> 4140
A62: Supervisor | B62: unidade | C62: 8 | D62: =34.5*0.8 -> 27.6 | E62: =((D62*C62)) -> 220.8
D63: Fator de util. | E63: 1 | F63: =SUM(E61:E62)*E63 -> 4360.8
A65: 1.4. Vale Transporte
A66: Discriminação | B66: Unidade | C66: Quantidade | D66: Custo unitário | E66: Subtotal | F66: Total (R$)
A67: Vale Transporte | B67: R$ | C67: 1 | D67: 3.5
A68: Média de dias Trabalhados por mês por porteiro | B68: dia | C68: 15
A69: Vigilante | B69: vale | C69: =C68*E30*2 -> 300 | D69: =D67-((E40*0.06)/30) -> -0.7108 | E69: =IFERROR(C69*D69,"-") -> -213.24
F70: =SUM(E69:E69)-E69 -> 0
A72: 1.5. Plano de Benefício Social
A73: Discriminação | B73: Unidade | C73: Quantidade | D73: Custo unitário | E73: Subtotal | F73: Total (R$)
A74: Plano de Benefício Social | B74: unidade | C74: 0 | D74: 24.1 | E74: =C74*D74 -> 0
D75: Fator de util. | E75: 1 | F75: =SUM(E74:E74)*E75 -> 0
A82: 1. Custo Mensal com mão de obra | F82: =F63+F57+F70+F75+F48 -> 55611.843
A84: 2. Uniformes e Equipamentos de Proteção Individual
A85: 2.1. Uniformes e EPIs
A86: Discriminação | B86: Unidade | C86: Durabilidade (meses) | D86: Custo unitário | E86: Subtotal | F86: Total (R$)
A87: Calça | B87: unidade | C87: 6 | D87: 100 | E87: =IFERROR(D87/C87,0) -> 16.666667
A88: Cinto operacional | B88: unidade | C88: 12 | D88: 29 | E88: =IFERROR(D88/C88,0) -> 2.4166667
A89: Jaqueta | B89: unidade | C89: 12 | D89: 170 | E89: =IFERROR(D89/C89,0) -> 14.166667
A90: Camisa | B90: unidade | C90: 8 | D90: 82 | E90: =IFERROR(D90/C90,0) -> 10.25
A91: Botina | B91: par | C91: 8 | D91: 75 | E91: =IFERROR(D91/C91,0) -> 9.375
A92: Quantidade de trabalhadores (concedido 02 uniformes p/colaborador) | C92: =E30 -> 10 | D92: =+SUM(E87:E91) -> 52.875 | E92: =C92*D92 -> 528.75
D93: Fator de util. | E93: =$B$35 -> 1 | F93: =E92*E93 -> 528.75
A95: 2. Custo Mensal com Uniformes e EPIs | F95: =+F93 -> 528.75
A97: 3. Veículo de apoio para deslocamento e materiais de consumo
A98: Discriminação | B98: Unidade | C98: Quantidade | D98: Custo unitário | E98: Subtotal | F98: Total (R$)
A99: Tonfa em fibra | B99: Unid/anual | C99: 5 | D99: 44 | E99: =(D99*C99)/12 -> 18.333333
A100: Apitos de metal | B100: Unid/anual | C100: 10 | D100: 10 | E100: =(D100*C100)/12 -> 8.3333333
A101: livro de ocorrência | B101: Unid/anual | C101: =C99 -> 5 | D101: 37 | E101: =(D101*C101)/12 -> 15.416667
A102: Custo do veículo de apoio para Supervisor (10km dia) | B102: KM/mês | C102: =10*30 -> 300 | D102: 2.1 | E102: =D102*C102 -> 630
D103: Fator de util. | E103: 1 | F103: =SUM(E99:E102)*E103 -> 672.08333
A105: 4. Benefícios e Despesas Indiretas (BDI)
A106: Discriminação | B106: Unidade | C106: Quantidade | D106: Custo unitário | E106: Subtotal | F106: Total (R$)
A107: Benefícios e despesas indiretas | B107: % | C107: ='6.BDI'!C18 -> 0.2264 | D107: =F82+F95+F103 -> 56812.676 | E107: =D107*C107 -> 12862.39
A109: 4. Custo Mensal Com BDI | F109: =E107 -> 12862.39
A111: PREÇO MENSAL TOTAL | F111: =F82+F95+F109+F103 -> 69675.066
A113: PREÇO MENSAL POR POSTO DE TRABALHO | D113: =E30/2 -> 5 | E113: Postos | F113: =F111/D113 -> 13935.013
A115: PREÇO MENSAL POR FUNCIONÁRIO | F115: =F111/C92 -> 6967.5066
A117: PREÇO MENSAL POR HORA | F117: =F115/180 -> 38.70837
A119: OBS: cada empresa deverá prever seus encargos/impostos conforme determina a legislação de sua atividade.

Sheet 3. Vigilante Diurno 
A1: PLANILHA DE CUSTOS - PREFEITURA MUNICIPAL DE SÃO MARCOS
A2: Item 3 - Contratação Serviços de Vigilante - Diurno (Eventos municipais)
A4: Planilha de Composição de Custos
A6: Orçamento Sintético
A7: Descrição do Item | E7: Custo (R$/mês) | F7: %
A8: =A37 -> 1. Mão de obra | E8: =+F83 -> 12752.512 | F8: =IFERROR(E8/$E$18,0) -> 0.78862782
A9: =A38 -> 1.1. Categoria Profissional de vigilante (02 Postos de 8:48 horas diurnas) | E9: =F49 -> 10654.798 | F9: =IFERROR(E9/$E$18,0) -> 0.6589031
A10: =A51 -> 1.2. Encarregado/Supervisor | E10: =F58 -> 828.11455 | F10: =IFERROR(E10/$E$18,0) -> 0.051211412
A11: =A60 -> 1.3. Auxílio Alimentação | E11: =F64 -> 1269.6 | F11: =IFERROR(E11/$E$18,0) -> 0.078513304
A12: =A66 -> 1.4. Vale Transporte | E12: =F71 -> 0 | F12: =IFERROR(E12/$E$18,0) -> 0
A13: =A73 -> 1.5. Plano de Benefício Social | E13: =F76 -> 0 | F13: =IFERROR(E13/$E$18,0) -> 0
A14: =A85 -> 2. Uniformes e Equipamentos de Proteção Individual | E14: =+F96 -> 105.75 | F14: =IFERROR(E14/$E$18,0) -> 0.0065396833
A15: =A86 -> 2.1. Uniformes e EPIs | E15: =F94 -> 105.75 | F15: =IFERROR(E15/$E$18,0) -> 0.0065396833
A16: =A98 -> 3. Veículo de apoio para deslocamento e materiais de consumo | E16: =F104 -> 327.08333 | F16: =IFERROR(E16/$E$18,0) -> 0.020227153
A17: =A106 -> 4. Benefícios e Despesas Indiretas (BDI) | E17: =F110 -> 2985.1623 | F17: =IFERROR(E17/$E$18,0) -> 0.18460535
A18: PREÇO TOTAL MENSAL | E18: =E8+E14+E17+E16 -> 16170.508 | F18: =F8+F14+F17+F16 -> 1
A21: Quantitativos
A22: Mão de obra | E22: Quantidade
A23: a) Categoria: Profissional de prestador de serviços de vigilante CBO 5173
A24: Piso da categoria 220 horas mensais | E24: 2105.4
A25: Adicional noturno (das 22h às 05h) total de horas | E25: 0
A26: Tempo trabalho por mês (Horas) | E26: 220
A27: =+A51 -> 1.2. Encarregado/Supervisor
A30: Total de mão de obra | E30: 2
A35: Fator de utilização (FU) | B35: 1
A37: 1. Mão de obra
A38: 1.1. Categoria Profissional de vigilante (02 Postos de 8:48 horas diurnas)
A39: Discriminação | B39: Unidade | C39: Quantidade | D39: Custo unitário | E39: Subtotal | F39: Total (R$)
A40: Piso da categoria | B40: mês | C40: 1 | D40: =E24 -> 2105.4 | E40: =C40*D40 -> 2105.4
A41: Adicional de Periculosidade | B41: % | C41: 0.3 | D41: =E40 -> 2105.4 | E41: =D41*C41 -> 631.62
A42: Intervalo Intrajornada Cfe. Convenção (50% do valor) | B42: Hrs | C42: 0 | D42: 14.35 | E42: =C42*D42 -> 0
A43: Adicional por serviço em eventos | B43: % | C43: 0.2 | D43: =D40 -> 2105.4 | E43: =D43*C43 -> 421.08
A44: Adicional noturno | B44: horas | C44: 0 | D44: =E40/220*0.2 -> 1.914 | E44: =C44*D44 -> 0
A45: Soma | E45: =SUM(E40:E44) -> 3158.1
A46: Encargos Sociais | B46: % | C46: ='5.Encargos Sociais'!$C$34*100 -> 68.69 | D46: =E45 -> 3158.1 | E46: =D46*C46/100 -> 2169.2989
A47: Total por profissional | E47: =SUM(E45:E46) -> 5327.3989
A48: Total do Efetivo | B48: homem | C48: =E30 -> 2 | D48: =E47 -> 5327.3989 | E48: =C48*D48 -> 10654.798
D49: Fator de util. | E49: =$B$35 -> 1 | F49: =E48*E49 -> 10654.798
A51: 1.2. Encarregado/Supervisor
A52: Discriminação | B52: Unidade | C52: Quantidade | D52: Custo unitário | E52: Subtotal | F52: Total (R$)
A53: Piso da categoria | B53: mês | C53: 1 | D53: 2700 | E53: =C53*D53 -> 2700
A54: Soma | E54: =SUM(E53:E53) -> 2700
A55: Encargos Sociais | B55: % | C55: ='5.Encargos Sociais'!$C$34*100 -> 68.69 | D55: =E54 -> 2700 | E55: =D55*C55/100 -> 1854.63
A56: Total por profissional | E56: =E54+E55 -> 4554.63
A57: Total do Efetivo | B57: homem | C57: 1 | D57: =E56 -> 4554.63 | E57: =C57*D57 -> 4554.63
A58: Obs: considerado 08hrs semanais | D58: Fator de util. | E58: =8/44 -> 0.18181818 | F58: =E57*E58 -> 828.11455
A60: 1.3. Auxílio Alimentação
A61: Discriminação | B61: Unidade | C61: Quantidade | D61: Custo unitário | E61: Subtotal | F61: Total (R$)
A62: Vigilante | B62: unidade | C62: =((C48)*21) -> 42 | D62: =34.5*0.8 -> 27.6 | E62: =((D62*C62)) -> 1159.2
A63: Supervisor | B63: unidade | C63: 4 | D63: =34.5*0.8 -> 27.6 | E63: =((D63*C63)) -> 110.4
D64: Fator de util. | E64: 1 | F64: =SUM(E62:E63)*E64 -> 1269.6
A66: 1.4. Vale Transporte
A67: Discriminação | B67: Unidade | C67: Quantidade | D67: Custo unitário | E67: Subtotal | F67: Total (R$)
A68: Vale Transporte | B68: R$ | C68: 1 | D68: 3.5
A69: Média de dias Trabalhados por mês por porteiro | B69: dia | C69: 15
A70: Vigilante | B70: vale | C70: =C69*E30*2 -> 60 | D70: =D68-((E40*0.06)/30) -> -0.7108 | E70: =IFERROR(C70*D70,"-") -> -42.648
F71: =SUM(E70:E70)-E70 -> 0
A73: 1.5. Plano de Benefício Social
A74: Discriminação | B74: Unidade | C74: Quantidade | D74: Custo unitário | E74: Subtotal | F74: Total (R$)
A75: Plano de Benefício Social | B75: unidade | C75: 0 | D75: 24.1 | E75: =C75*D75 -> 0
D76: Fator de util. | E76: 1 | F76: =SUM(E75:E75)*E76 -> 0
A83: 1. Custo Mensal com mão de obra | F83: =F64+F58+F71+F76+F49 -> 12752.512
A85: 2. Uniformes e Equipamentos de Proteção Individual
A86: 2.1. Uniformes e EPIs
A87: Discriminação | B87: Unidade | C87: Durabilidade (meses) | D87: Custo unitário | E87: Subtotal | F87: Total (R$)
A88: Calça | B88: unidade | C88: 6 | D88: 100 | E88: =IFERROR(D88/C88,0) -> 16.666667
A89: Cinto operacional | B89: unidade | C89: 12 | D89: 29 | E89: =IFERROR(D89/C89,0) -> 2.4166667
A90: Jaqueta | B90: unidade | C90: 12 | D90: 170 | E90: =IFERROR(D90/C90,0) -> 14.166667
A91: Camisa | B91: unidade | C91: 8 | D91: 82 | E91: =IFERROR(D91/C91,0) -> 10.25
A92: Botina | B92: par | C92: 8 | D92: 75 | E92: =IFERROR(D92/C92,0) -> 9.375
A93: Quantidade de trabalhadores (concedido 02 uniformes p/colaborador) | C93: =E30 -> 2 | D93: =+SUM(E88:E92) -> 52.875 | E93: =C93*D93 -> 105.75
D94: Fator de util. | E94: =$B$35 -> 1 | F94: =E93*E94 -> 105.75
A96: 2. Custo Mensal com Uniformes e EPIs | F96: =+F94 -> 105.75
A98: 3. Veículo de apoio para deslocamento e materiais de consumo
A99: Discriminação | B99: Unidade | C99: Quantidade | D99: Custo unitário | E99: Subtotal | F99: Total (R$)
A100: Tonfa em fibra | B100: Unid/anual | C100: 2 | D100: 44 | E100: =(D100*C100)/12 -> 7.3333333
A101: Apitos de metal | B101: Unid/anual | C101: 2 | D101: 10 | E101: =(D101*C101)/12 -> 1.6666667
A102: livro de ocorrência | B102: Unid/anual | C102: 1 | D102: 37 | E102: =(D102*C102)/12 -> 3.0833333
A103: Custo do veículo de apoio para Supervisor (05km dia) | B103: KM/mês | C103: =5*30 -> 150 | D103: 2.1 | E103: =D103*C103 -> 315
D104: Fator de util. | E104: 1 | F104: =SUM(E100:E103)*E104 -> 327.08333
A106: 4. Benefícios e Despesas Indiretas (BDI)
A107: Discriminação | B107: Unidade | C107: Quantidade | D107: Custo unitário | E107: Subtotal | F107: Total (R$)
A108: Benefícios e despesas indiretas | B108: % | C108: ='6.BDI'!C18 -> 0.2264 | D108: =F83+F96+F104 -> 13185.346 | E108: =D108*C108 -> 2985.1623
A110: 4. Custo Mensal Com BDI | F110: =E108 -> 2985.1623
A112: PREÇO MENSAL TOTAL | F112: =F83+F96+F110+F104 -> 16170.508
A114: PREÇO MENSAL POR POSTO DE TRABALHO | D114: 2 | E114: Postos | F114: =F112/D114 -> 8085.254
A116: PREÇO MENSAL POR FUNCIONÁRIO | F116: =F112/C93 -> 8085.254
A118: PREÇO MENSAL POR HORA | F118: =F116/188.32 -> 42.933592
A120: OBS: cada empresa deverá prever seus encargos/impostos conforme determina a legislação de sua atividade.

Sheet 4. Vigilante  Noturno 
A1: PLANILHA DE CUSTOS - PREFEITURA MUNICIPAL DE SÃO MARCOS
A2: Item 4 - Contratação Serviços de Vigilante - Noturno (Eventos Municipais)
A4: Planilha de Composição de Custos
A6: Orçamento Sintético
A7: Descrição do Item | E7: Custo (R$/mês) | F7: %
A8: =A37 -> 1. Mão de obra | E8: =+F83 -> 13901.482 | F8: =IFERROR(E8/$E$18,0) -> 0.78925914
A9: =A38 -> 1.1. Categoria Profissional de Vigilante (02 Postos de 8:48 horas noturnas) | E9: =F49 -> 11803.767 | F9: =IFERROR(E9/$E$18,0) -> 0.67016102
A10: =A51 -> 1.2. Encarregado/Supervisor | E10: =F58 -> 828.11455 | F10: =IFERROR(E10/$E$18,0) -> 0.047016354
A11: =A60 -> 1.3. Auxílio Alimentação | E11: =F64 -> 1269.6 | F11: =IFERROR(E11/$E$18,0) -> 0.072081771
A12: =A66 -> 1.4. Vale Transporte | E12: =F71 -> 0 | F12: =IFERROR(E12/$E$18,0) -> 0
A13: =A73 -> 1.5. Plano de Benefício Social | E13: =F76 -> 0 | F13: =IFERROR(E13/$E$18,0) -> 0
A14: =A85 -> 2. Uniformes e Equipamentos de Proteção Individual | E14: =+F96 -> 105.75 | F14: =IFERROR(E14/$E$18,0) -> 0.0060039755
A15: =A86 -> 2.1. Uniformes e EPIs | E15: =F94 -> 105.75 | F15: =IFERROR(E15/$E$18,0) -> 0.0060039755
A16: =A98 -> 3. Veículo de apoio para deslocamento e materiais de consumo | E16: =F105 -> 354.58333 | F16: =IFERROR(E16/$E$18,0) -> 0.020131533
A17: =A107 -> 4. Benefícios e Despesas Indiretas (BDI) | E17: =F111 -> 3251.5149 | F17: =IFERROR(E17/$E$18,0) -> 0.18460535
A18: PREÇO TOTAL MENSAL | E18: =E8+E14+E17+E16 -> 17613.33 | F18: =F8+F14+F17+F16 -> 1
A21: Quantitativos
A22: Mão de obra | E22: Quantidade
A23: a) Categoria: Profissional de prestador de serviços de vigilante CBO 5173
A24: Piso da categoria 220 horas mensais | E24: 2105.4
A25: Adicional noturno (das 22h às 05h) total de horas | E25: =9.14*15 -> 137.1
A26: Tempo trabalho por mês (Horas) | E26: 220
A27: =+A51 -> 1.2. Encarregado/Supervisor
A30: Total de mão de obra | E30: 2
A31: Memória de cálculo do adicional noturno por funcionário:
A32: > 15 dias/funcion/mês x 8hrs/dia (cada hora hora contada equivale somente a 52 minutos e 30 segundos) = 137,10 horas mês.
A33: Obs: como os funcionários podem trabalhar 12/36 conta como horário noturno das 22 horas às 06 horas.
A35: Fator de utilização (FU) | B35: 1
A37: 1. Mão de obra
A38: 1.1. Categoria Profissional de Vigilante (02 Postos de 8:48 horas noturnas)
A39: Discriminação | B39: Unidade | C39: Quantidade | D39: Custo unitário | E39: Subtotal | F39: Total (R$)
A40: Piso da categoria | B40: mês | C40: 1 | D40: =E24 -> 2105.4 | E40: =C40*D40 -> 2105.4
A41: Adicional de Periculosidade | B41: % | C41: 0.3 | D41: =E40 -> 2105.4 | E41: =D41*C41 -> 631.62
A42: Intervalo Intrajornada Cfe. Convenção (50% do valor) | B42: Hrs | C42: 0 | D42: 14.35 | E42: =C42*D42 -> 0
A43: Adicional por serviço em eventos | B43: % | C43: 0.2 | D43: =D40 -> 2105.4 | E43: =D43*C43 -> 421.08
A44: Adicional noturno | B44: horas | C44: =E25*1 -> 137.1 | D44: =(E40/220*0.2)+0.57 -> 2.484 | E44: =C44*D44 -> 340.5564
A45: Soma | E45: =SUM(E40:E44) -> 3498.6564
A46: Encargos Sociais | B46: % | C46: ='5.Encargos Sociais'!$C$34*100 -> 68.69 | D46: =E45 -> 3498.6564 | E46: =D46*C46/100 -> 2403.2271
A47: Total por profissional | E47: =SUM(E45:E46) -> 5901.8835
A48: Total do Efetivo | B48: homem | C48: =E30 -> 2 | D48: =E47 -> 5901.8835 | E48: =C48*D48 -> 11803.767
D49: Fator de util. | E49: =$B$35 -> 1 | F49: =E48*E49 -> 11803.767
A51: 1.2. Encarregado/Supervisor
A52: Discriminação | B52: Unidade | C52: Quantidade | D52: Custo unitário | E52: Subtotal | F52: Total (R$)
A53: Piso da categoria | B53: mês | C53: 1 | D53: 2700 | E53: =C53*D53 -> 2700
A54: Soma | E54: =SUM(E53:E53) -> 2700
A55: Encargos Sociais | B55: % | C55: ='5.Encargos Sociais'!$C$34*100 -> 68.69 | D55: =E54 -> 2700 | E55: =D55*C55/100 -> 1854.63
A56: Total por profissional | E56: =E54+E55 -> 4554.63
A57: Total do Efetivo | B57: homem | C57: 1 | D57: =E56 -> 4554.63 | E57: =C57*D57 -> 4554.63
A58: Obs: considerado 08 hrs semanais | D58: Fator de util. | E58: =8/44 -> 0.18181818 | F58: =E57*E58 -> 828.11455
A60: 1.3. Auxílio Alimentação
A61: Discriminação | B61: Unidade | C61: Quantidade | D61: Custo unitário | E61: Subtotal | F61: Total (R$)
A62: Vigilante | B62: unidade | C62: =((C48)*21) -> 42 | D62: =34.5*0.8 -> 27.6 | E62: =((D62*C62)) -> 1159.2
A63: Supervisor | B63: unidade | C63: 4 | D63: =34.5*0.8 -> 27.6 | E63: =((D63*C63)) -> 110.4
D64: Fator de util. | E64: 1 | F64: =SUM(E62:E63)*E64 -> 1269.6
A66: 1.4. Vale Transporte
A67: Discriminação | B67: Unidade | C67: Quantidade | D67: Custo unitário | E67: Subtotal | F67: Total (R$)
A68: Vale Transporte | B68: R$ | C68: 1 | D68: 3.5
A69: Média de dias Trabalhados por mês por porteiro | B69: dia | C69: 15
A70: Vigilante | B70: vale | C70: =C69*E30*2 -> 60 | D70: =D68-((E40*0.06)/30) -> -0.7108 | E70: =IFERROR(C70*D70,"-") -> -42.648
F71: =SUM(E70:E70)-E70 -> 0
A73: 1.5. Plano de Benefício Social
A74: Discriminação | B74: Unidade | C74: Quantidade | D74: Custo unitário | E74: Subtotal | F74: Total (R$)
A75: Plano de Benefício Social | B75: unidade | C75: 0 | D75: 24.1 | E75: =C75*D75 -> 0
D76: Fator de util. | E76: 1 | F76: =SUM(E75:E75)*E76 -> 0
A83: 1. Custo Mensal com mão de obra | F83: =F64+F58+F71+F76+F49 -> 13901.482
A85: 2. Uniformes e Equipamentos de Proteção Individual
A86: 2.1. Uniformes e EPIs
A87: Discriminação | B87: Unidade | C87: Durabilidade (meses) | D87: Custo unitário | E87: Subtotal | F87: Total (R$)
A88: Calça | B88: unidade | C88: 6 | D88: 100 | E88: =IFERROR(D88/C88,0) -> 16.666667
A89: Cinto operacional | B89: unidade | C89: 12 | D89: 29 | E89: =IFERROR(D89/C89,0) -> 2.4166667
A90: Jaqueta | B90: unidade | C90: 12 | D90: 170 | E90: =IFERROR(D90/C90,0) -> 14.166667
A91: Camisa | B91: unidade | C91: 8 | D91: 82 | E91: =IFERROR(D91/C91,0) -> 10.25
A92: Botina | B92: par | C92: 8 | D92: 75 | E92: =IFERROR(D92/C92,0) -> 9.375
A93: Quantidade de trabalhadores (concedido 02 uniformes p/colaborador) | C93: =E30 -> 2 | D93: =+SUM(E88:E92) -> 52.875 | E93: =C93*D93 -> 105.75
D94: Fator de util. | E94: =$B$35 -> 1 | F94: =E93*E94 -> 105.75
A96: 2. Custo Mensal com Uniformes e EPIs | F96: =+F94 -> 105.75
A98: 3. Veículo de apoio para deslocamento e materiais de consumo
A99: Discriminação | B99: Unidade | C99: Quantidade | D99: Custo unitário | E99: Subtotal | F99: Total (R$)
A100: Lanterna tática 12 volts com carregador | B100: Unid/anual | C100: 2 | D100: 165 | E100: =(D100*C100)/12 -> 27.5
A101: Tonfa em fibra | B101: Unid/anual | C101: 2 | D101: 44 | E101: =(D101*C101)/12 -> 7.3333333
A102: Apitos de metal | B102: Unid/anual | C102: =E30*1 -> 2 | D102: 10 | E102: =(D102*C102)/12 -> 1.6666667
A103: livro de ocorrência | B103: Unid/anual | C103: 1 | D103: 37 | E103: =(D103*C103)/12 -> 3.0833333
A104: Custo do veículo de apoio para Supervisor (05km dia) | B104: KM/mês | C104: =5*30 -> 150 | D104: 2.1 | E104: =D104*C104 -> 315
D105: Fator de util. | E105: 1 | F105: =SUM(E100:E104)*E105 -> 354.58333
A107: 4. Benefícios e Despesas Indiretas (BDI)
A108: Discriminação | B108: Unidade | C108: Quantidade | D108: Custo unitário | E108: Subtotal | F108: Total (R$)
A109: Benefícios e despesas indiretas | B109: % | C109: ='6.BDI'!C18 -> 0.2264 | D109: =F83+F96+F105 -> 14361.815 | E109: =D109*C109 -> 3251.5149
A111: 4. Custo Mensal Com BDI | F111: =E109 -> 3251.5149
A113: PREÇO MENSAL TOTAL | F113: =F83+F96+F111+F105 -> 17613.33
A115: PREÇO MENSAL POR POSTO DE TRABALHO | D115: 2 | E115: Postos | F115: =F113/D115 -> 8806.6649
A117: PREÇO MENSAL POR FUNCIONÁRIO | F117: =F113/C93 -> 8806.6649
A119: PREÇO MENSAL POR HORA | F119: =F117/188.32 -> 46.764363
A121: OBS: cada empresa deverá prever seus encargos/impostos conforme determina a legislação de sua atividade.

Sheet 5.Encargos Sociais
A1: Orientações para preenchimento:
A2: 1. Preencha previamente os dados de entrada na planilha 3.CAGED
A4: Composição dos Encargos Sociais
A5: Código | B5: Descrição | C5: Valor
A6: A1 | B6: INSS | C6: 0.2
A7: A2 | B7: SESI | C7: 0.015
A8: A3 | B8: SENAI | C8: 0.01
A9: A4 | B9: INCRA | C9: 0.002
A10: A5 | B10: SEBRAE | C10: 0.006
A11: A6 | B11: Salário educação | C11: 0.025
A12: A7 | B12: Seguro contra acidentes de trabalho | C12: 0.03
A13: A8 | B13: FGTS | C13: 0.08
A14: A | B14: SOMA GRUPO A | C14: =SUM(C6:C13) -> 0.368
A16: B1 | B16: Férias gozadas | C16: 0.0518
A17: B2 | B17: 13º salário | C17: 0.0833
A18: B3 | B18: Licença Paternidade | C18: 0.0006
A19: B4 | B19: Faltas justificadas | C19: 0.0082
A20: B5 | B20: Auxilio acidente de trabalho | C20: 0.0031
A21: B6 | B21: Auxilio doença | C21: 0.014
A22: B | B22: SOMA GRUPO B | C22: =SUM(C16:C21) -> 0.161
A24: C1 | B24: Aviso prévio indenizado | C24: 0.015
A25: C2 | B25: Férias indenizadas | C25: 0.0593
A26: C3 | B26: Férias indenizadas s/ aviso previo inden. | C26: 0.0023
A27: C4 | B27: Depósito rescisão sem justa causa | C27: 0.015
A28: C5 | B28: Indenização adicional | C28: 0.0016
A29: C | B29: SOMA GRUPO C | C29: =SUM(C24:C28) -> 0.0932
A31: D1 | B31: Reincidência de Grupo A sobre Grupo B | C31: =ROUND(C14*C22,4) -> 0.0592
A32: D2 | B32: Reincidência de Grupo A sobre aviso prévio indenizado | C32: =ROUND((C24*C14),4) -> 0.0055
A33: D | B33: SOMA GRUPO D | C33: =SUM(C31:C32) -> 0.0647
B34: SOMA (A+B+C+D) | C34: =C33+C29+C22+C14 -> 0.6869

Sheet 6.BDI
A1: Orientações para preenchimento:
A2: 1. Esta planilha é somente um modelo-base e deve ser ajustada conforme cada caso concreto.
A3: 2. Preencher somente células em amarelo
A6: 3. Composição do BDI - Benefícios e Despesas Indiretas
D8: Referência estudo
D9: 1° Quartil | E9: Médio
A10: Administração Central | B10: AC | C10: 0.04 | D10: 0.0297 | E10: 0.0508
A11: Seguros/Riscos/Garantias | B11: SRG | C11: 0.0086 | D11: 0.0086 | E11: =0.48%+0.85% -> 0.0133
A12: Lucro | B12: L | C12: 0.09 | D12: 0.05 | E12: 0.1058
A13: Despesas Financeiras | B13: DF | C13: =E13/72 -> 0.0016666667 | D13: SELIC | E13: 0.12
A14: Tributos - ISS | B14: T | C14: 0.03 | D14: DU | E14: 5
A15: Tributos - PIS/COFINS | C15: 0.0365 | E15: 0.0365
A16: Fórmula para o cálculo do BDI:
A17: {[(1+AC+SRG) x (1+L) x (1+DF)] / (1-T)} -1
A18: Resultado do cálculo do BDI: | C18: =ROUND((((1+C10+C11)*(1+C12)*(1+C13))/(1-(C14+C15))-1),4) -> 0.2264
D25: 4.6
